 Dungeon Crawl Stone Soup version 0.24-a0-201-gf205589 (console) character file.

Game seed: 15856928244391041038

249 Duffy the Chopper (level 5, -1/46 HPs)
             Began as a Minotaur Gladiator on Mar 22, 2019.
             Slain by an orc priest
             ... wielding a +3 dagger of protection
              (4 damage)
             ... on level 4 of the Dungeon.
             The game lasted 00:02:44 (2696 turns).

Duffy the Chopper (Minotaur Gladiator)              Turns: 2696, Time: 00:02:45

Health: -1/46      AC:  3    Str: 15    XL:     5   Next: 87%
Magic:  4/4        EV: 13    Int:  5    God:
Gold:   187        SH:  0    Dex: 11    Spells: 4/4 levels left

rFire    + . .     SeeInvis .   a - +0 war axe
rCold    + . .     Gourm    .   (no shield)
rNeg     . . .     Faith    .   n - +0 leather armour (curse)
rPois    .         Spirit   .   c - +0 hat
rElec    .         Reflect  .   u - scarf {rC+ rF+}
rCorr    .         Harm     .   (no gloves)
MR       .....                  (no boots)
Stlth    +.........             (no amulet)
HPRegen  0.15/turn              s - -5 ring of strength (curse)
MPRegen  0.09/turn              (no ring)

@: no status effects
A: retaliatory headbutt, horns 2
a: no special abilities


You were on level 4 of the Dungeon.
You were hungry.

You visited 1 branch of the dungeon, and saw 4 of its levels.

You collected 187 gold pieces.

Inventory:

Hand Weapons
 a - a +0 war axe (weapon)
 g - a +0 blowgun
 z - a +2 flail of crushing
Missiles
 d - 2 throwing nets (quivered)
 t - 5 curare-tipped needles
Armour
 b - a +0 leather armour
 c - a +0 hat (worn)
 n - a cursed +0 leather armour (worn)
 u - a scarf of resistance (worn)
Jewellery
 s - a cursed -5 ring of strength (left hand)
Wands
 p - a wand of paralysis (6)
Scrolls
 e - 3 scrolls of identify {unknown}
 j - a scroll of fog {unknown}
 k - a scroll of blinking {unknown}
 m - 2 scrolls of enchant weapon {unknown}
 q - 3 scrolls of enchant armour {unknown}
 x - a scroll of remove curse {unknown}
 y - a scroll of amnesia {unknown}
Potions
 h - a potion of flight {unknown}
 i - a potion of resistance {unknown}
 l - a potion of agility {unknown}
 o - 2 potions of might {unknown}
 r - a potion of curing {unknown}
 v - a potion of mutation {unknown}
Comestibles
 f - 3 rations
 w - a chunk of flesh


   Skills:
 + Level 4.0 Fighting
 * Level 5.7 Axes
 - Level 2.0 Throwing
 + Level 2.8 Armour
 + Level 4.3 Dodging


You had 4 spell levels left.
You didn't know any spells.
Your spell library contained the following spells:

 Spells                   Type           Power        Failure   Level  Hunger
 Flame Tongue             Conj/Fire      #....        54%         1    ##.....
 Throw Flame              Conj/Fire      #.....       69%         2    ###....
 Conjure Flame            Conj/Fire      #.......     89%         3    ####...
 Inner Flame              Hex/Fire       #.......     89%         3    ####...
 Sticky Flame             Conj/Fire      #.......     100%        4    #####..
 Fireball                 Conj/Fire      #.........   100%        5    ######.


Dungeon Overview and Level Annotations

Branches:
Dungeon (4/15)
 Temple: D:4-7

Altars:


Innate Abilities, Weirdness & Mutations

You reflexively headbutt those who attack you in melee.
You have a pair of horns on your head.


Message History

You hit the orc priest but do no damage.
The orc priest is severely wounded.
You slash the howler monkey!
The howler monkey hits you but does no damage.
The orc priest miscasts a cantrip.
The howler monkey hits you.
You hit the orc priest but do no damage.
You headbutt the orc priest.
The orc priest is severely wounded.
You closely miss the howler monkey.
The howler monkey hits you but does no damage.
The orc priest mumbles some strange prayers to Beogh against you.
Beogh smites you!
You hit the orc priest but do no damage.
The orc priest is severely wounded.
You hit the howler monkey.
You kill the howler monkey!
Your Fighting skill increases to level 4!
The orc priest hits you with a +3 dagger of protection.
You die...

#... #... #...
####...########
.........%.[..#
..............#
.>....o)......#
## #@##
#.#####.#
#....##.#
##....##.#
#.......##
#.......#
#.......#
###...###
####......#


You could see an orc priest.

Vanquished Creatures
  Edmund (D:4)
  A howler monkey (D:4)
  2 adders (D:2)
  3 dart slugs (D:1)
  A leopard gecko (D:3)
  2 orcs (D:4)
  6 giant cockroaches
  6 goblins
  9 hobgoblins
  4 jackals
  10 kobolds
  11 bats
  6 frilled lizards
  11 rats
73 creatures vanquished.

Notes
Turn   | Place    | Note
-------+----------+-------------------------------------------
     0 | D:1      | Duffy the Minotaur Gladiator began the quest for the Orb.
     0 | D:1      | Reached XP level 1. HP: 18/18 MP: 0/0
   280 | D:1      | Reached XP level 2. HP: 25/25 MP: 1/1
   291 | D:1      | Reached skill level 4 in Axes
   376 | D:1      | Reached skill level 1 in Armour
   677 | D:1      | Reached XP level 3. HP: 27/30 MP: 2/2
  1314 | D:2      | Reached XP level 4. HP: 38/38 MP: 3/3
  2642 | D:4      | Noticed Edmund
  2651 | D:4      | Killed Edmund
  2651 | D:4      | Reached skill level 5 in Axes
  2651 | D:4      | Reached XP level 5. HP: 36/46 MP: 4/4
  2696 | D:4      | Slain by an orc priest

Levels and vault maps discovered:
D:1:      elethiomel_arrival_diamonds, layout_loops_ring, minmay_box_of_dots
D:2:      layout_rooms
D:3:      layout_loops_corners
D:4:      layout_loops_cross, minmay_temple_entry_waves, first_ration,
          serial_shops, shop, enter_ossuary_2, uniq_edmund

Skill      XL: |  1  2  3  4  5 |
---------------+----------------+-----
Axes           | 4 5 |  5.7
Armour         | 1 2 |  2.8
Fighting       | 3 4 |  4.0
Dodging        | 4 |  4.3
Throwing       | |  2.0

Action                   |  1- 3 |  4- 6 || total
-------------------------+-------+-------++-------
Melee: War axe           |    69 |    54 ||   123
       Headbutt          |     7 |    13 ||    20
Throw: Throwing net      |       |     2 ||     2
 Stab: Sleeping          |     1 |       ||     1
       Held in net/web   |       |     1 ||     1
  Eat: Chunk             |     1 |     4 ||     5
Armor: Leather armour    |    15 |    10 ||    25
Dodge: Dodged            |    49 |    56 ||   105

Table legend:
 A = Non-vault XP
 B = Vault XP
 C = Vault XP percentage of total XP
 D = Non-vault monster count
 E = Vault monster count
 F = Vault count percentage of total count
                 A         B        C        D         E       F
            +---------+---------+-------+---------+---------+-------
      Total |     181 |     176 |  49.3 |      61 |      12 |  16.4
            +---------+---------+-------+---------+---------+-------
        D:1 |      45 |      18 |  28.6 |      26 |      11 |  29.7
        D:2 |      58 |       0 |   0.0 |      22 |       0 |   0.0
        D:3 |      18 |       0 |   0.0 |      10 |       0 |   0.0
        D:4 |      60 |     158 |  72.5 |       3 |       1 |  25.0
            +---------+---------+-------+---------+---------+-------
